 Dungeon Crawl Stone Soup version 0.28.0 (webtiles) character file.

Game seed: 2870969564330843032

69608 Ajdolov the Eclecticist (level 15, -7/114 HPs)
             Began as a Djinni Conjurer on Feb 12, 2022.
             Was an Initiate of Ashenzari.
             Shot with an arrow by a centaur warrior (23 damage)
             ... on level 12 of the Dungeon.
             The game lasted 01:11:02 (34139 turns).

Ajdolov the Eclecticist (Djinni Conjurer)          Turns: 34139, Time: 01:11:03

Health: -7/114     AC: 15    Str:  6    XL:     15   Next: 74%
Gold:   1505       EV: 14    Int: 27    God:    Ashenzari [......] SH:  0 Dex: 12

rFire   + + +      SeeInvis +   J - +1 demon blade (elec)
rCold   . . .      Faith    .   (no shield)
rNeg    . . .      Spirit   .   f - +4 ring mail {rF+}
rPois   ∞          Reflect  .   (helmet restricted)
rElec   .          Harm     .   q - +0 cloak
rCorr   .          Rampage  .   D - +2 pair of gloves of Supernal Wisdom {Evo, Self} (curse)
Will    ++...                   (boots unavailable)
Stlth   +.........              (no amulet)
HPRegen 0.29/turn               i - ring of see invisible
MPRegen 0.00/turn               O - ring of protection from cold

@: flying, very slightly contaminated, studying Axes
A: sickness immunity, fire resistance 2, cold vulnerability 1, float, innate
caster, HP casting, extra vitality 1, antennae 2, strong-willed 1, sturdy frame
1
a: Renounce Religion, Curse Item, Shatter the Chains


You were on level 12 of the Dungeon.
You worshipped Ashenzari.
Ashenzari was noncommittal.
You visited 3 branches of the dungeon, and saw 20 of its levels.
You also visited: Ice Cave.

You collected 2352 gold pieces.
You spent 847 gold pieces at shops.

Inventory:

Hand Weapons
 J - a +1 demon blade of electrocution (weapon)
Armour
 f - a +4 ring mail of fire resistance (worn)
 q - a +0 cloak (worn)
 r - the +1 helmet of Nanedoem {Fly}
   (You found it on level 4 of the Dungeon)

   Fly:       It grants you flight.
 D - the cursed +2 pair of gloves of Supernal Wisdom (worn) {Evo, Self}
   (You found it on level 9 of the Dungeon)

   It has a curse which improves the following skills: Evocations: Evocations.
   Introspection: Fighting and Spellcasting.
Jewellery
 i - a ring of see invisible (left hand)
 v - a +4 ring of protection
 H - a ring of positive energy
 L - a +4 ring of evasion
 N - a ring of fire
 O - a ring of protection from cold (right hand)
Wands
 g - a wand of polymorph (13)
 j - a wand of charming (3)
 y - a wand of digging (8)
 z - a wand of paralysis (6)
 E - a wand of flame (31)
 M - a wand of iceblast (5)
Scrolls
 a - 7 scrolls of enchant weapon
 b - 5 scrolls of teleportation
 c - a scroll of fog
 l - a scroll of summoning
 t - 4 scrolls of blinking
 u - 2 scrolls of enchant armour
 w - 2 scrolls of immolation
 A - a scroll of brand weapon
 B - a scroll of fear
 K - a scroll of noise
Potions
 d - 3 potions of berserk rage
 e - 2 potions of resistance
 k - 2 potions of lignification
 m - 4 potions of haste
 n - 9 potions of curing
 p - a potion of degeneration {unknown}
 s - a potion of heal wounds
 x - a potion of brilliance
 C - 2 potions of attraction
 F - 2 potions of flight
 G - a potion of might
 I - a potion of ambrosia {unknown}
Miscellaneous
 Q - a condenser vane
 R - a phial of floods


   Skills:
 + Level 12.6(13.0) Fighting
 - Level 8.9 Armour
 - Level 9.0 Dodging
 - Level 1.5 Stealth
 * Level 16.2(16.6) Spellcasting


You had 7 spell levels left.
You knew the following spells:

 Your Spells              Type           Power      Damage    Failure   Level
a - Magic Dart            Conj           100%       1d8       0%          1
b - Searing Ray           Conj           100%       2d8       0%          2
c - Dazzling Flash        Conj/Hex       100%       N/A       0%          3
d - Fulminant Prism       Conj/Hex       42%        3d20      1%          4
e - Iskenderun's Mystic   Conj/Tloc      84%        2d17      1%          4
f - Sting                 Tmut/Pois      100%       1d8       0%          1
g - Static Discharge      Conj/Air       84%        N/A       0%          2
h - Inner Flame           Hex/Fire       84%        N/A       0%          3
i - Summon Ice Beast      Ice/Summ       84%        N/A       1%          4
j - Irradiate             Conj/Tmut      42%        3d28      1%          5
k - Conjure Ball Lightni  Conj/Air       42%        3x3d15    1%          6
p - Silence               Hex/Air        42%        N/A       1%          5
Your spell library was empty.

Dungeon Overview and Level Annotations

Branches:
Dungeon (12/15)            Temple (0/1) D:6            Lair (6/6) D:9
 Shoals (0/4) Lair:3       Spider (0/4) Lair:3        Slime (0/5) Lair:6
    Orc (2/2) D:11            Elf (0/3) Orc:2         IceCv (visited)

Altars:
Ashenzari
Cheibriados
Fedhas
Hepliaklqana
Kikubaaqudgha
Ru
Sif Muna
Trog
Vehumet
Wu Jian
Yredelemnul
The Shining One
Jiyva

Shops:
D:5 *!   D:9 [   Orc:1 !   Orc:2 ?:?!?

Annotations:
D:5 2 runed translucent doors
D:6 1 runed translucent door, Crazy Yiuf
D:7 exclusion: 2 doors
Lair:3 1 runed translucent door
Lair:5 2 transporters, 1 runed translucent door, exclusion: ice statue, PhoneixS's ghost, journeyman MfIE
Lair:6 1 runed translucent door, exclusion: obsidian statue


Innate Abilities, Weirdness & Mutations

You are immune to sickness and miasma.
You are immune to poison.
Your flesh is very heat resistant. (rF++)
You are vulnerable to cold. (rC-)
You float through the air rather than walking.
You learn spells naturally, not from books.
Your magical power is your life essence.
You have superior vitality. (+4 MHP)
You have a pair of antennae on your head.
You are strong-willed. (Will+)
Your movements are slightly less encumbered by armour. (ER -2)


Message History

Fannar twists and deforms.
You are very lightly contaminated with residual magic.
A howler monkey comes into view.
Fannar misses you.
Unknown command.
Casting: Irradiate (safe; 1% risk of failure)
Confirm with . or Enter, or press ? or * to list all spells.
You erupt in a fountain of uncontrolled magic!
Fannar is blasted with magical radiation!
Fannar is almost dead.
Fannar twists and deforms.
* * * LOW HITPOINT WARNING * * *
Fannar hits you with a +0 quarterstaff of freezing!
* * * LOW HITPOINT WARNING * * *
Fannar freezes you.
* * * LOW HITPOINT WARNING * * *
Casting: Irradiate (safe; 1% risk of failure)
Confirm with . or Enter, or press ? or * to list all spells.
You erupt in a fountain of uncontrolled magic!
Fannar is blasted with magical radiation!!!
You kill Fannar!
* * * LOW HITPOINT WARNING * * *
The sentinel's mark upon you fades away.
The unseen horror hits you but does no damage. x2
Casting: Irradiate (safe; 1% risk of failure)
Confirm with . or Enter, or press ? or * to list all spells.
You erupt in a blast of force!
The mystic blast hits the boulder beetle!
The boulder beetle is moderately wounded.
The boulder beetle is knocked back by the mystic blast.
The mystic blast hits the two-headed ogre!!
You kill the two-headed ogre!
The mystic blast hits the unseen horror!
The unseen horror is almost dead.
The unseen horror is knocked back by the mystic blast.
The unseen horror collides with the komodo dragon!
You kill the unseen horror!
* * * LOW HITPOINT WARNING * * *
The centaur warrior shoots an arrow.
The arrow hits you!!
You die...

.... .....# # #..#
#....#####
..#..#####.... #..
#.#..##....... #.#
.....<.......###.#
..#..##.^.#.{{cB.#
{#...#...#.{{{.l#
#.#.#...#.{###)#
#.#.#...#.{###@#
#.#.#...#.{..#...#
..#.....##.#######
#.##....##{## #.#
#. #..##(B{{# #.#
##.##.HuD# #.#
#○.#....# #.#
##○#....# #.#
#..u...# #.#


You could see a boulder beetle, a centaur warrior and a komodo dragon.

Vanquished Creatures
  A dire elephant (Lair:6)
  Fannar (D:12)
  6 hydras
  4 ogre magi (Orc:2)
  Erica (D:11)
  19 two-headed ogres
  A death yak (Lair:5)
  A spectral dire elephant (Lair:6)
  An orc high priest (Orc:2)
  Urug (Lair:6)
  A spectral anaconda (Lair:6)
  2 orc knights (Orc:2)
  4 necromancers (Lair:6)
  3 orc sorcerers
  2 cyclopes
  2 ugly things (IceCv)
  18 elephants
  Maurice (Orc:2)
  6 black mambas
  A torpor snail (Lair:5)
  2 ice statues (IceCv)
  A rime drake (Lair:3)
  17 cane toads
  Maggie (D:8)
  6 unseen horrors
  4 komodo dragons
  3 trolls
  6 polar bears
  A hornet (Lair:6)
  8 dream sheep (Lair:5)
  10 blink frogs
  3 jumping spiders (Lair:3)
  A culicivora (Lair:3)
  A spriggan (Lair:6)
  A vampire (D:9)
  23 yaks
  2 wyverns
  5 wargs
  3 basilisks
  2 redbacks (Lair:3)
  Grum (D:9)
  3 steam dragons
  2 death yak simulacra
  An acid dragon (D:11)
  19 water moccasins
  2 spectral cane toads (Lair:6)
  A black bear (Lair:1)
  7 orc warriors
  3 sky beasts (D:8)
  An ice beast (D:8)
  27 ogres
  3 centaurs
  40 wolves
  2 phantoms
  3 kobold brigands
  Blork the orc (D:6)
  4 scorpions
  A gnoll sergeant (D:11)
  2 cane toad simulacra
  16 bullfrogs
  2 two-headed ogre simulacra (Orc:2)
  A water moccasin skeleton (D:6)
  10 killer bees
  10 wights (D:8)
  2 electric eels
  6 howler monkeys
  2 bullfrog zombies (D:6)
  2 hounds
  3 centaur zombies
  2 jellies
  14 orc priests
  A centaur skeleton (D:4)
  2 gnoll shamans
  An iron imp (D:10)
  3 iguanas
  20 orc wizards
  3 troll simulacra (Orc:2)
  2 wolf simulacra
  A hound skeleton (D:5)
  3 howler monkey zombies
  4 adders
  8 gnolls
  A naga simulacrum (Orc:2)
  2 white imps
  2 dart slugs
  71 orcs
  5 ball pythons
  9 endoplasms
  2 giant cockroaches
  5 goblins
  3 hobgoblins
  A quokka (D:1)
  2 bats (D:2)
  12 kobolds
  7 rats
539 creatures vanquished.

Vanquished Creatures (collateral kills)
  A steam dragon (D:7)
  A black bear (D:7)
  2 orc priests (D:8)
  An orc (D:8)
5 creatures vanquished.

Vanquished Creatures (others)
  50 fulminant prisms
  55 fungi
  45 plants
  9 toadstools (Lair:5)
  30 withered plants (Lair:6)
189 creatures vanquished.

Grand Total: 733 creatures vanquished

Notes
Turn   | Place    | Note
-------+----------+-------------------------------------------
     0 | D:1      | Ajdolov the Djinni Conjurer began the quest for the Orb.
     0 | D:1      | Reached XP level 1. HP: 15/15 MP: 0/0
   406 | D:1      | Reached XP level 2. HP: 17/21 MP: 0/0
  1195 | D:2      | Reached XP level 3. HP: 24/25 MP: 0/0
  1195 | D:2      | Learned a level 1 spell: Sting
  1557 | D:2      | Found a faded altar of an unknown god.
  1724 | D:3      | Reached skill level 4 in Spellcasting
  2122 | D:3      | Reached XP level 4. HP: 26/31 MP: 0/0
  2590 | D:3      | Reached XP level 5. HP: 24/35 MP: 0/0
  2590 | D:3      | Learned a level 2 spell: Static Discharge
  2608 | D:3      | Reached skill level 5 in Spellcasting
  3240 | D:3      | Found a bloodstained altar of Trog.
  3447 | D:4      | Reached XP level 6. HP: 25/40 MP: 0/0
  4180 | D:4      | Identified the +1 helmet of Nanedoem {Fly}
  4229 | D:4      | Reached skill level 6 in Spellcasting
  4326 | D:4      | Reached XP level 7. HP: 38/45 MP: 0/0
  4326 | D:4      | Learned a level 3 spell: Inner Flame
  4402 | D:4      | Noticed a water moccasin
  4413 | D:4      | Killed a water moccasin
  4850 | D:5      | Entered Level 5 of the Dungeon
  4962 | D:5      | Found a blossoming altar of Fedhas.
  5019 | D:5      | Found a runed translucent door.
  5020 | D:5      | Noticed a vampire mosquito
  5044 | D:5      | Found a runed translucent door.
  5053 | D:5      | Found Kidenur's Distillery.
  5083 | D:5      | Reached skill level 7 in Spellcasting
  5254 | D:5      | Reached XP level 8. HP: 46/50 MP: 0/0
  5475 | D:5      | Bought a potion of curing for 39 gold pieces
  5475 | D:5      | Bought a potion of curing for 39 gold pieces
  5502 | D:5      | Found Kuocs's CLEARANCE SALE!.
  5504 | D:5      | Bought a scroll of teleportation for 21 gold pieces
  5759 | D:5      | Found a sacrificial altar of Ru.
  5759 | D:5      | Found a broken altar of Ashenzari.
  5766 | D:5      | Became a worshipper of Ashenzari the Shackled
  5880 | D:6      | Found a staircase to the Ecumenical Temple.
  6275 | D:6      | Reached skill level 8 in Spellcasting
  6414 | D:6      | Found a basalt altar of Yredelemnul.
  6438 | D:6      | Noticed Blork the orc
  6446 | D:6      | Killed Blork the orc
  6723 | D:6      | Found a runed translucent door.
  6724 | D:6      | Noticed Crazy Yiuf
  6877 | D:6      | Found a glowing golden altar of the Shining One.
  6879 | D:6      | Noticed an angel
  7149 | D:7      | Noticed a rime drake
  7150 | D:7      | Noticed a rime drake
  7175 | D:7      | Noticed a rime drake
  7175 | D:7      | Noticed a rime drake
  7176 | D:7      | Found the +4 skin of Zhor {*Englaciate rC+++ SInv}
  7238 | D:7      | Reached XP level 9. HP: 47/55 MP: 0/0
  7238 | D:7      | Learned a level 4 spell: Summon Ice Beast
  7239 | D:7      | Reached skill level 9 in Spellcasting
  7601 | D:7      | Found an ornate altar of the Wu Jian Council.
  7837 | D:7      | Found a hazy altar of Hepliaklqana.
  8399 | D:8      | Reached skill level 10 in Spellcasting
  8909 | D:8      | Noticed Maggie
  9446 | D:8      | Reached XP level 10. HP: 44/60 MP: 0/0
  9746 | D:8      | Reached skill level 11 in Spellcasting
 10587 | D:8      | Killed Maggie
 10936 | D:9      | Found a staircase to the Lair.
 10944 | D:9      | Reached skill level 12 in Spellcasting
 11357 | D:9      | Noticed Grum
 11367 | D:9      | Killed Grum
 11568 | D:9      | Reached XP level 11. HP: 41/65 MP: 0/0
 11568 | D:9      | Learned a level 5 spell: Irradiate
 11792 | D:9      | Found Roecoedy's Armour Emporium.
 11835 | D:9      | Noticed a two-headed ogre
 12010 | D:9      | Killed a two-headed ogre
 12197 | D:9      | Noticed a cyclops
 12208 | D:9      | Killed a cyclops
 12209 | D:9      | Reached skill level 13 in Spellcasting
 12284 | D:9      | Noticed a two-headed ogre
 12289 | D:9      | Killed a two-headed ogre
 12743 | D:10     | Entered Level 10 of the Dungeon
 13031 | D:10     | Found a snail-covered altar of Cheibriados.
 14114 | D:11     | Noticed Erica
 14132 | D:11     | Killed Erica
 14378 | D:11     | Reached skill level 14 in Spellcasting
 14487 | D:11     | Found a staircase to the Orcish Mines.
 14799 | D:11     | Reached skill level 1 in Fighting
 15006 | D:11     | Reached skill level 1 in Armour
 15118 | D:12     | Noticed a seven-headed hydra
 15333 | Lair:1   | Entered Level 1 of the Lair of Beasts
 15346 | Lair:1   | Reached XP level 12. HP: 57/76 MP: 0/0
 15869 | Lair:1   | Reached skill level 5 in Fighting
 18140 | Lair:3   | Reached skill level 5 in Dodging
 18333 | Lair:3   | Noticed an eight-headed hydra
 18347 | Lair:3   | Killed an eight-headed hydra
 18791 | Lair:3   | Reached XP level 13. HP: 66/92 MP: 0/0
 18791 | Lair:3   | Learned a level 5 spell: Silence
 18941 | Lair:3   | Found a staircase to the Shoals.
 19142 | Lair:3   | Found a hole to the Spider Nest.
 19702 | Lair:3   | Found a runed translucent door.
 20143 | Lair:4   | Noticed a six-headed hydra
 20302 | Lair:4   | Killed a six-headed hydra
 21062 | Lair:4   | Noticed a five-headed hydra
 21073 | Lair:4   | Killed a five-headed hydra
 21182 | Lair:4   | Reached skill level 10 in Fighting
 22706 | Lair:5   | Noticed a four-headed hydra
 22771 | Lair:5   | You are sucked into a shaft and drop 1 floor!
 22771 | Lair:6   | Entered Level 6 of the Lair of Beasts
 22862 | Lair:5   | Found a transporter.
 22870 | Lair:5   | Noticed PhoneixS's ghost (journeyman MfIE)
 22874 | Lair:5   | Noticed a five-headed hydra
 22874 | Lair:5   | Noticed an eight-headed hydra
 22877 | Lair:5   | Found a transporter.
 22916 | Lair:5   | Noticed a five-headed hydra
 22927 | Lair:5   | Killed a five-headed hydra
 22928 | Lair:5   | Reached skill level 5 in Armour
 23523 | Lair:5   | Noticed a catoblepas
 23523 | Lair:5   | Noticed a dire elephant
 23545 | Lair:5   | Found a runed translucent door.
 23673 | Lair:5   | Noticed a five-headed hydra
 23681 | Lair:5   | Killed a five-headed hydra
 23682 | Lair:5   | Reached XP level 14. HP: 83/103 MP: 0/0
 24559 | Orc:1    | Entered Level 1 of the Orcish Mines
 24760 | Orc:1    | Gained mutation: You are weak. (Str -2) [mutagenic glow]
 24936 | Orc:1    | Found Axzow's Distillery.
 24945 | Orc:1    | Bought a potion of curing for 45 gold pieces
 24945 | Orc:1    | Bought a potion of curing for 45 gold pieces
 25157 | Orc:2    | Entered Level 2 of the Orcish Mines
 25157 | Orc:2    | Found a frozen archway.
 25176 | IceCv    | Entered an ice cave
 25338 | IceCv    | Found a transporter.
 25349 | IceCv    | Found a transporter.
 25371 | IceCv    | Gained mutation: You are very weak. (Str -4) [mutagenic
                  | glow]
 25386 | IceCv    | Gained mutation: You sometimes lose the ability to read
                  | scrolls when taking damage. [mutagenic glow]
 26420 | Orc:2    | Reached skill level 15 in Spellcasting
 27117 | Orc:2    | Found a staircase to the Elven Halls.
 27581 | Orc:2    | Found Aqis's Distillery.
 27582 | Orc:2    | Found Moskih's Book Boutique.
 27582 | Orc:2    | Found Obrak's Magic Scroll Shoppe.
 27582 | Orc:2    | Found Goclitz Enlo's Magic Scroll Boutique.
 27816 | Orc:2    | Bought 2 potions of mutation for 192 gold pieces
 27822 | Orc:2    | Lost mutation: You sometimes lose the ability to read
                  | scrolls when taking damage. [potion of mutation]
 27822 | Orc:2    | Lost mutation: You are very weak. (Str -4) [potion of
                  | mutation]
 27822 | Orc:2    | Lost mutation: You are weak. (Str -2) [potion of mutation]
 27822 | Orc:2    | Gained mutation: You have a pair of small horns on your
                  | head. [potion of mutation]
 27822 | Orc:2    | Gained mutation: You passively map a small area around you.
                  | [potion of mutation]
 27875 | Orc:2    | Bought a scroll of identify for 34 gold pieces
 27877 | Orc:2    | Bought a scroll of identify for 26 gold pieces
 27877 | Orc:2    | Bought a scroll of teleportation for 39 gold pieces
 27877 | Orc:2    | Bought a scroll of identify for 26 gold pieces
 27877 | Orc:2    | Bought a scroll of identify for 26 gold pieces
 28116 | Orc:2    | Noticed Maurice
 28120 | Orc:2    | Killed Maurice
 28575 | Orc:2    | Reached XP level 15. HP: 88/112 MP: 0/0
 28575 | Orc:2    | Learned a level 6 spell: Conjure Ball Lightning
 28945 | Orc:2    | Found Nisaal's Magic Scroll Shop.
 28953 | Orc:2    | Bought a scroll of teleportation for 45 gold pieces
 29646 | Lair:6   | Gained mutation: You are weak. (Str -2) [mutagenic glow]
 29800 | Lair:6   | Found a runed translucent door.
 29801 | Lair:6   | Found a viscous altar of Jiyva.
 29801 | Lair:6   | Noticed an azure jelly
 29900 | Lair:6   | Noticed an azure jelly
 29901 | Lair:6   | Noticed an azure jelly
 30308 | Lair:6   | Gained mutation: You do not regenerate when monsters are
                  | visible. [mutagenic glow]
 30310 | Lair:6   | Lost mutation: You have a pair of small horns on your head.
                  | [potion of mutation]
 30310 | Lair:6   | Lost mutation: You are weak. (Str -2) [potion of mutation]
 30310 | Lair:6   | Lost mutation: You passively map a small area around you.
                  | [potion of mutation]
 30310 | Lair:6   | Gained mutation: You are partially covered in large bone
                  | plates. (SH +4) [potion of mutation]
 30310 | Lair:6   | Gained mutation: You are clumsy. (Dex -2) [potion of
                  | mutation]
 30310 | Lair:6   | Gained mutation: You are strong-willed. (Will+) [potion of
                  | mutation]
 30310 | Lair:6   | Gained mutation: Your movements are slightly less
                  | encumbered by armour. (ER -2) [potion of mutation]
 30311 | Lair:6   | Lost mutation: You are partially covered in large bone
                  | plates. (SH +4) [potion of mutation]
 30311 | Lair:6   | Lost mutation: You do not regenerate when monsters are
                  | visible. [potion of mutation]
 30311 | Lair:6   | Gained mutation: You are highly strong-willed. (Will++)
                  | [potion of mutation]
 30311 | Lair:6   | Gained mutation: You have a pair of small antennae on your
                  | head. [potion of mutation]
 30838 | Lair:6   | Noticed Urug
 30843 | Lair:6   | Killed Urug
 32148 | Lair:6   | Reached skill level 16 in Spellcasting
 33040 | Lair:6   | Identified the +1 pair of boots "Eqax" {+Inv rPois Dex-3}
 33687 | Lair:6   | Found a staircase to the Slime Pits.
 33687 | Lair:6   | Noticed an azure jelly
 33984 | Orc:1    | Bought a potion of mutation for 120 gold pieces
 33984 | Orc:1    | Bought a potion of haste for 150 gold pieces
 33984 | Orc:1    | Lost mutation: You are highly strong-willed. (Will++)
                  | [potion of mutation]
 33984 | Orc:1    | Lost mutation: You are clumsy. (Dex -2) [potion of
                  | mutation]
 33984 | Orc:1    | Gained mutation: You have a pair of antennae on your head.
                  | [potion of mutation]
 34126 | D:12     | Noticed Fannar
 34138 | D:12     | Killed Fannar
 34139 | D:12     | Shot with an arrow by a centaur warrior

Illustrated notes

Levels and vault maps discovered:
D:1:      lightli_arrival_statue_moat, layout_basic, solitary_fountain
D:2:      layout_basic, shapermc_ecumenical_altar_starsandcircs,
          dk_noncrumbling_2, st_stairs_2, grunt_ministairs_11,
          minmay_misc_feat_encased
D:3:      layout_basic, marbit_many_paths, kennysheep_decorative_pillar
D:4:      layout_loops_corners, vehumet_crystals
D:5:      lemuel_insect_pit, layout_basic, amethyst_overflow_temple_binary,
          fedhas_altar_2, serial_shops, shop, nicolae_shop_clearance
D:6:      layout_loops_ring, grunt_temple_overflow_holy_war,
          minmay_temple_entry_junction, uniq_crazy_yiuf_cottage,
          uniq_blork_the_orc
D:7:      layout_basic, mainiacjoe_overflow_alcove_4,
          mainiacjoe_overflow_two_lobes, hellmonk_guarded_unrand_zhor
D:8:      layout_gridville, special_room [special_room_orc], hex_large,
          hangedman_misty_isle, uniq_maggie
D:9:      layout_roguey, kennysheep_mini_moat, erik_lair_orcish_takeover,
          serial_shops, shop, minmay_fractal_squares_5, uniq_grum
D:10:     layout_rooms, slow_altar_1, serial_bayou_pond_e, minmay_orc_keep
D:11:     layout_basic, david_orc_2, st_stairs_12, uniq_erica
D:12:     minmay_the_grid_square_5x5_5x5
          [minmay_the_grid_square_5x5_doubleslash,
          minmay_the_grid_square_5x5_hourglass,
          minmay_the_grid_square_5x5_shuriken,
          minmay_the_grid_square_5x5_three_walls,
          minmay_the_grid_square_5x5_checkered_statues,
          minmay_the_grid_square_5x5_inner_z,
          minmay_the_grid_square_5x5_prize_monsterx,
          minmay_the_grid_square_5x5_tie,
          minmay_the_grid_square_5x5_prize_itemx,
          minmay_the_grid_square_5x5_longway, minmay_the_grid_square_5x5_three,
          minmay_the_grid_square_5x5_broken_cross,
          minmay_the_grid_square_5x5_prize_rear_guard,
          minmay_the_grid_square_5x5_almost_minimal,
          minmay_the_grid_square_5x5_six,
          minmay_the_grid_square_5x5_pentomino_r,
          minmay_the_grid_square_5x5_prize_junk,
          minmay_the_grid_square_5x5_detours,
          minmay_the_grid_square_5x5_prize_open,
          minmay_the_grid_square_5x5_shrine1, minmay_the_grid_square_5x5_comb,
          minmay_the_grid_square_5x5_inner_v,
          minmay_the_grid_square_5x5_inverted_slash,
          minmay_the_grid_square_5x5_beaten_path,
          minmay_the_grid_square_5x5_two_walls_a], layout_basic,
          bh_walls_and_bars, uniq_fannar, uniq_nergalle, uniq_kirke
Lair:1:   layout_roguey
Lair:2:   layout_cave_pods, grunt_megastairs_1, serial_bayou_shore_b
Lair:3:   gammafunk_mikee_crab_dinner, layout_cave_pods, shoals_dummy_entry,
          nicolae_spider_entry_tight_spaces
Lair:4:   layout_cellular_growth, minmay_hedge_maze,
          hangedman_lair_unloving_vines
Lair:5:   gammafunk_lair_enchanted_lake, layout_layer_cave, nzn_ghost_randoct,
          basic_altar
Lair:6:   due_jungle_book, layout_layer_cave, slime_altar_2,
          grunt_forest_large_clearings, grunt_megastairs_2,
          infiniplex_staircase_pool, uniq_urug
Orc:1:    layout_caves, serial_shops, shop
Orc:2:    st_orc_ogre_mass, layout_caves, portal_ice_cave_entry_ice_simulacra,
          guppyfry_orc_lava_fort, uniq_maurice

Skill      XL: |  1  2  3  4  5  6  7  8  9 10 11 12 13 14 15 |
---------------+----------------------------------------------+-----
Spellcasting   | 4 5 6 7 8 10 12 14 15 16 | 16.2
Fighting       | 2 8 10 11 12 | 12.6
Armour         | 1 4 5 7 8 |  8.9
Dodging        | 6 9 |  9.0
Stealth        | |  1.5

Action                   |  1- 3 |  4- 6 |  7- 9 | 10-12 | 13-15 || total
-------------------------+-------+-------+-------+-------+-------++-------
Melee: Dagger            |    50 |    45 |    55 |    45 |    87 ||   282
       Punch             |       |     2 |     1 |     1 |       ||     4
 Cast: Magic Dart        |    48 |    12 |    26 |    74 |    44 ||   204
       Searing Ray       |       |    13 |    29 |    14 |     2 ||    58
       Iskenderun's Myst |       |       |    29 |    76 |   188 ||   293
       Fulminant Prism   |       |       |     8 |    21 |    21 ||    50
       Summon Ice Beast  |       |       |     3 |     1 |       ||     4
       Irradiate         |       |       |       |    64 |   147 ||   211
       Silence           |       |       |       |       |     2 ||     2
Invok: Curse Item        |       |       |       |       |     1 ||     1
Evoke: Wand              |       |       |       |       |     3 ||     3
  Use: Scroll            |       |       |     2 |     9 |    15 ||    26
       Potion            |       |       |       |       |     6 ||     6
 Stab: Sleeping          |     1 |     1 |       |       |       ||     2
Armor: Robe              |    17 |    13 |    16 |       |       ||    46
       Leather armour    |       |       |    12 |       |       ||    12
       Ring mail         |       |       |       |    79 |   173 ||   252
Dodge: Dodged            |    40 |    43 |    69 |    71 |   197 ||   420
